 Dungeon Crawl Stone Soup version 0.19.5 (webtiles) character file.

187 JeffiDaFish the Shield-Bearer (level 5, -5/33 HPs)
             Began as a Gargoyle Fighter on Nov 1, 2017.
             Killed by divine providence
             ... invoked by an orc priest
              (12 damage)
             ... on level 3 of the Dungeon.
             The game lasted 00:06:05 (1652 turns).

JeffiDaFish the Shield-Bearer (Gargoyle Fighter)    Turns: 1652, Time: 00:06:06

Health: -5/33      AC: 21    Str: 19      XL:     5   Next: 66%
Magic:  5/5        EV:  5    Int:  9      God:
Gold:   103        SH:  9    Dex:  8 (10) Spells: 0 memorised, 4 levels left

rFire  . . .     SeeInvis .     m - +1 flail (protect)
rCold  . . .     Gourm    .     e - +1 chain mail
rNeg   + . .     Faith    .     c - +0 shield
rPois  ∞         Spirit   .     (no helmet)
rElec  +         Reflect  .     (no cloak)
rCorr  .         Harm     .     (no gloves)
MR     .....                    (no boots)
Stlth  ..........               (no amulet)
                                (no ring)
                                (no ring)

@: protection aura
A: negative energy resistance 1, electricity resistance, unbreathing,
petrification resistance, rot immunity, AC +4
a: no special abilities


You were on level 3 of the Dungeon.
You were not hungry.

You visited 1 branch of the dungeon, and saw 3 of its levels.

You collected 103 gold pieces.

Inventory:

Hand Weapons
 m - a +1 flail of protection (weapon)
Armour
 c - a +0 shield (worn)
 e - a +1 chain mail (worn)
Scrolls
 g - a scroll of teleportation
 h - a scroll of remove curse
 j - 3 scrolls of identify
Potions
 a - a potion of resistance
 b - a potion of curing
 d - 2 potions of might
 i - 2 potions of berserk rage
Comestibles
 f - 2 bread rations
 l - 3 chunks of flesh


   Skills:
 + Level 4.1 Fighting
 + Level 3.9 Maces & Flails
 + Level 3.9 Armour
 + Level 0.4 Dodging
 + Level 4.3 Shields


You had 4 spell levels left.
You didn't know any spells.

Dungeon Overview and Level Annotations

Branches:
Dungeon (3/15)

Altars:
Gozag


Innate Abilities, Weirdness & Mutations

You are resistant to torment.
Your stone body is resilient. (AC +4)
You are immune to poison.
You resist negative energy. (rN+)
You are resistant to electric shocks. (rElec)
You can survive without breathing.
You are immune to petrification.
You are immune to rotting.


Message History

Your shield and chain mail prevent you from hitting the orc priest.
The orc priest is moderately wounded.
You block the orc priest's attack. The orc hits you but does no damage.
You closely miss the orc priest.
The orc priest is moderately wounded.
The orc barely misses you.
The orc priest mumbles some strange prayers to Beogh against you.
Beogh smites you!
* * * LOW HITPOINT WARNING * * *
The orc priest calls down the wrath of Beogh upon you.
You barely resist. You block the orc's attack.
You hit the orc priest.
Your weapon exudes an aura of protection.
The orc priest is heavily wounded.
You block the orc priest's attack. The orc hits you but does no damage.
You closely miss the orc priest.
The orc priest is heavily wounded.
The orc priest calls down the wrath of Beogh upon you.
Beogh smites you!
You die...

..<.........#
#.# #.#
#############
#.# #.# #.#
#.# #.# #.#
#.# # #.# #
########.# #
).......@#
........ooSo.#
##############


You could see an orc priest, 2 orcs and a ball python.

Vanquished Creatures
  Terence (D:2)
  4 gnolls (D:3)
  5 adders
  3 worms
  3 dart slugs
  A leopard gecko (D:2)
  2 orcs (D:3)
  7 bats
  3 giant cockroaches
  7 goblins
  10 hobgoblins
  3 ball pythons
  3 frilled lizards (D:2)
  4 kobolds
  8 rats
64 creatures vanquished.

Notes
Turn   | Place    | Note
-------+----------+-------------------------------------------
     0 | D:1      | JeffiDaFish the Gargoyle Fighter began the quest for the Orb.
     0 | D:1      | Reached XP level 1. HP: 14/14 MP: 1/1
    87 | D:1      | Reached XP level 2. HP: 16/19 MP: 2/2
   361 | D:1      | Reached XP level 3. HP: 22/23 MP: 3/3
   634 | D:2      | Found an opulent altar of Gozag.
   707 | D:2      | Reached XP level 4. HP: 28/28 MP: 4/4
  1062 | D:2      | Noticed Terence
  1079 | D:2      | Killed Terence
  1079 | D:2      | Reached XP level 5. HP: 26/33 MP: 5/5
  1652 | D:3      | Killed from afar by an orc priest

Skill      XL: |  1  2  3  4  5 |
---------------+----------------+-----
Shields        | 4 |  4.3
Maces & Flails | 3 |  3.9
Fighting       | 4 |  4.1
Armour         | |  3.9
Dodging        | |  0.4

Action                   |  1- 3 |  4- 6 || total
-------------------------+-------+-------++-------
Melee: Flail             |   119 |   172 ||   291
  Use: Scroll            |     4 |     2 ||     6
       Potion            |     4 |     2 ||     6
  Eat: Chunk             |       |     3 ||     3
Armor: Scale mail        |    21 |       ||    21
       Chain mail        |    61 |   112 ||   173
       Skin              |       |    27 ||    27
Dodge: Dodged            |    29 |    19 ||    48
Block: Shield            |    65 |    85 ||   150
